 Dungeon Crawl Stone Soup version 0.31-a0-620-gd1cbd99268 (webtiles) character file.

Game seed: 16316234821408986700

590 IdlyInterested the Chucker (level 7, -1/54 HPs)
             Began as a Demonspawn Gladiator on Aug 23, 2023.
             Killed by divine providence
             ... invoked by an orc priest
              (15 damage)
             ... on level 5 of the Dungeon.
             The game lasted 00:15:39 (4164 turns).

IdlyInterested the Chucker (Demonspawn Gladiator)   Turns: 4164, Time: 00:15:40

Health: -1/54      AC: 12    Str: 13    XL:     7   Next: 15%
Magic:  16/16      EV:  7    Int:  9    God:
Gold:   205        SH:  0    Dex: 14    Spells: 6/6 levels left

rFire   . . .        a - +0 trident
rCold   . . .        (no shield)
rNeg    . . .        n - +0 chain mail
rPois   .            c - +0 helmet
rElec   .            (no cloak)
rCorr   .            (no gloves)
SInv    +            (no boots)
Will    +....        (no amulet) Stlth
                     b - ring "Eligov" {+Blink Will+ MP+9 Str-4 SInv}
HPRegen 0.29/turn    (no ring)
MPRegen 0.15/turn

%: no passive effects
@: hasted (expiring), very quick
A: yellow scales 2, demonic guardian 1, spiny 1, demonic touch 1
a: Evoke Blink


You were on level 5 of the Dungeon.
You visited 1 branch of the dungeon, and saw 5 of its levels.

You collected 205 gold pieces.

Inventory:

Hand Weapons
 a - a +0 trident (weapon)
 s - a +0 spear
Missiles
 d - 3 throwing nets
 e - a javelin
 h - 16 poisoned darts
 i - a curare-tipped dart
 u - 18 stones (quivered)
Armour
 c - a +0 helmet (worn)
 n - a +0 chain mail (worn)
 y - a +0 cloak
Jewellery
 b - the ring "Eligov" (left hand) {+Blink Will+ MP+9 Str-4 SInv}
   (You acquired it on level 3 of the Dungeon)

   [ring of willpower]

   Str-4:     It affects your strength (-4).
   Will+:     It increases your willpower.
   MP+9:      It affects your magic capacity (+9).
   SInv:      It lets you see invisible.
   +Blink:    It lets you blink.
 j - an amulet of guardian spirit
 o - a ring of fire
Talismans
 x - a beast talisman
Wands
 t - a wand of paralysis (13)
Scrolls
 f - 5 scrolls of teleportation
 k - a scroll of amnesia
 l - a scroll of revelation {unknown}
 m - a scroll of blinking
 p - a scroll of vulnerability
 r - 2 scrolls of poison
Potions
 g - a potion of curing
 q - a potion of brilliance {unknown}
 v - a potion of magic {unknown}
 w - a potion of haste
 z - a potion of mutation {unknown}
 A - a potion of attraction {unknown}


   Skills:
 + Level 4.2 Fighting
 + Level 2.6 Polearms
 * Level 5.2 Throwing
 - Level 1.0 Armour
 - Level 2.6 Dodging
 - Level 1.0 Stealth
 - Level 2.0 Unarmed Combat
 - Level 2.0 Evocations


You had 6 spell levels left.
You didn't know any spells.
Your spell library contained the following spells:

 Spells                   Type           Power      Damage    Failure   Level
 Static Discharge         Conj/Air       0%         2-2/arc   100%        2
 Airstrike                Air            0%         2d(0-16)  100%        4
 Summon Lightning Spire   Summ/Air       0%         N/A       100%        4


Dungeon Overview and Level Annotations

Branches:
Dungeon (5/15)
 Temple: D:4-7

Altars:

Shops:
D:3 !   D:4 [

Annotations:
D:5 Dowan, Duvessa


Innate Abilities, Weirdness & Mutations

You are mostly covered in yellow scales. (AC +3)
A weak demonic guardian rushes to your aid.
You are partially covered in sharp spines.
Your touch may inflict minor irresistible damage on your foes.


Message History

Press: ? - help, Dir - move target, f/p - orc priest
Aim: an orc priest, wielding a +0 club and wearing a +0 ring mail (blue smoke, about 36% to evade your +0 trident)
You reach to attack!
You barely miss the orc priest.
Unknown command.
You feel better.
You hit the orc priest but do no damage.
You touch the orc priest!
The orc priest is heavily wounded.
The orc priest looks more healthy.
The orc priest hits you but does no damage.
You barely miss the orc priest.
The orc priest is heavily wounded.
Your extra speed is starting to run out.
The orc priest hits you with a +0 short sword.
You barely miss the orc priest.
The orc priest is heavily wounded.
The orc priest hits you with a +0 short sword.
You closely miss the orc priest.
The orc priest is heavily wounded.
The orc priest calls down the wrath of Beogh upon you.
Beogh smites you!
* * * LOW HITPOINT WARNING * * *
The orc priest calls upon Beogh to heal the orc priest.
The orc priest is healed somewhat.
You feel better.
You hit the orc priest but do no damage.
You touch the orc priest!
The orc priest is almost dead.
Dowan mumbles some strange words.
Dowan blinks!
The orc priest is struck by your spines.
You kill the orc priest!
Training target 2.0 for Evocations reached!
Your Evocations skill increases to level 2!
You barely miss the orc priest.
Dowan gestures wildly while chanting.
Dowan blinks!
The orc priest invokes the aid of Beogh against you.
Beogh smites you!
You die...

.............
............
...........#
..........o#
...........# ######
...........# #....#
.....(...(.# #....#
......)...§###..).#
.........eeo@'....#
.##........###§...#
.........### #.####
.#######+#####.#
.......#.####### .
.......<........ .
.......#.######. .
##.#####.# . ..#


You could see Duvessa, Dowan and an orc priest.

Vanquished Creatures
  Sigmund (D:5)
  A scorpion (D:4)
  A hound (D:4)
  2 orc priests
  2 orc wizards (D:4)
  4 gnolls (D:4)
  4 adders
  A white imp (D:5)
  A worm (D:3)
  4 dart slugs
  24 orcs
  5 ball pythons
  3 endoplasms
  3 giant cockroaches
  7 hobgoblins
  3 jackals (D:1)
  2 quokkas
  8 bats
  5 frilled lizards
  13 goblins
  13 kobolds
  8 rats
115 creatures vanquished.

Vanquished Creatures (collateral kills)
  A gnoll (D:4)
1 creature vanquished.

Grand Total: 116 creatures vanquished

Notes
Turn   | Place    | Note
-------+----------+-------------------------------------------
     0 | D:1      | IdlyInterested the Demonspawn Gladiator began the quest for
                  | the Orb.
     0 | D:1      | Reached XP level 1. HP: 16/16 MP: 1/1
   412 | D:1      | Reached skill level 2 in Throwing
   451 | D:1      | Gained mutation: You are partially covered in yellow
                  | scales. (AC +2) [demonic ancestry]
   451 | D:1      | Reached XP level 2. HP: 22/22 MP: 2/2
   471 | D:1      | Reached skill level 1 in Armour
  1250 | D:2      | Gained mutation: Your touch may inflict minor irresistible
                  | damage on your foes. [demonic ancestry]
  1250 | D:2      | Reached XP level 3. HP: 27/28 MP: 3/3
  1338 | D:2      | Reached skill level 1 in Stealth
  1483 | D:2      | Reached skill level 3 in Throwing
  1483 | D:2      | Gained mutation: You are partially covered in sharp spines.
                  | [demonic ancestry]
  1483 | D:2      | Reached XP level 4. HP: 34/34 MP: 4/4
  1998 | D:3      | Identified a scroll of acquirement
  2000 | D:3      | Acquired the ring "Eligov" {+Blink Will+ MP+9 Str-4 SInv}
  2193 | D:3      | Found Oclath's Distillery.
  2287 | D:3      | Reached skill level 1 in Unarmed Combat
  2581 | D:3      | Gained mutation: A weak demonic guardian rushes to your
                  | aid. [demonic ancestry]
  2581 | D:3      | Reached XP level 5. HP: 14/41 MP: 5/5
  3006 | D:4      | Found Icrozirph's Antique Armour Boutique.
  3200 | D:4      | Reached skill level 4 in Throwing
  3336 | D:4      | Reached XP level 6. HP: 42/47 MP: 6/6
  3846 | D:4      | Reached skill level 1 in Evocations
  3969 | D:5      | Entered Level 5 of the Dungeon
  4131 | D:5      | Noticed Sigmund
  4137 | D:5      | Noticed Dowan
  4138 | D:5      | Noticed Duvessa
  4141 | D:5      | Killed Sigmund
  4142 | D:5      | Reached skill level 5 in Throwing
  4142 | D:5      | Gained mutation: You are mostly covered in yellow scales.
                  | (AC +3) [demonic ancestry]
  4142 | D:5      | Reached XP level 7. HP: 21/54 MP: 7/7
  4164 | D:5      | Killed from afar by an orc priest

Illustrated notes

Levels and vault maps discovered:
D:1:      lemuel_arrival_broad_hall, layout_loops_cross, minmay_domino_2
D:2:      layout_basic
D:3:      layout_basic, serial_shops, nicolae_shop_behind_doors,
          amcnicky_mini_pool_small, minmay_misc_feat_chi,
          chequers_serial_rivers_micro_a
D:4:      corexii_shantytown, layout_basic, serial_shops, nicolae_lakefront_shop
D:5:      layout_basic, minmay_temple_entry_poolview, uniq_sigmund,
          uniq_menkaure, uniq_duvessa, uniq_crazy_yiuf_cottage

Skill      XL: |  1  2  3  4  5  6  7 |
---------------+----------------------+-----
Throwing       | 2 3 4 5 |  5.2
Armour         | 1 |  1.0
Stealth        | 1 |  1.0
Fighting       | 3 4 |  4.2
Unarmed Combat | 1 2 |  2.0
Evocations     | 1 2 |  2.0
Polearms       | |  2.6
Dodging        | |  2.6

Action                     |  1- 3 |  4- 6 |  7- 9 || total
---------------------------+-------+-------+-------++-------
  Melee: Trident           |   106 |   146 |    11 ||   263
         Touch             |     3 |    23 |     2 ||    28
         Punch             |       |     3 |       ||     3
  Throw: Dart              |    24 |    13 |     1 ||    38
         Stone             |    11 |    24 |       ||    35
         Javelin           |       |     1 |       ||     1
    Use: Scroll            |       |     7 |       ||     7
         Potion            |       |     2 |     2 ||     4
 Armour: Chain mail        |    57 |    72 |     2 ||   131
  Dodge: Dodged            |    39 |    41 |       ||    80

Table legend: (Time is in decaauts)
 A = Elapsed time spent in this place.
 B = Non-inter-level travel time spent in this place.
 C = Inter-level travel time spent in this place.
 D = Time resting spent in this place.
 E = Time spent auto-exploring this place.
 F = Levels seen in this place.
 G = Mean time per level.
                   A        B        C        D        E       F      G
               +--------+--------+--------+--------+--------+-----+--------+
         Total |   4188 |   3353 |    835 |     12 |   2236 |   5 |  837.6 |
       Dungeon |   4188 |   3353 |    835 |     12 |   2236 |   5 |  837.6 |
               +--------+--------+--------+--------+--------+-----+--------+

Top non-repeatable levels by time:
     D:4: 1144 daAuts
     D:2: 1021 daAuts
     D:1: 994 daAuts
     D:3: 945 daAuts
     D:5: 82 daAuts
